PAAA
CALGARY LYNX @ FLORIDA MEN
08/31/2025
 
TOP OF THE 1ST
Calgary Lynx batting - Pitching for Florida Men : RHP Jorge Silva
Pitching: RHP Jorge Silva
Batting: LHB Ángel López 0-0: Ball
1-0: Foul Ball, location: 2F
1-1: TRIPLE (Line Drive, 89D)
Batting: LHB Miguel Zúńiga 0-0: Ball
1-0: Called Strike
1-1: Foul Ball, location: 2F
1-2: SINGLE (Groundball, 56D)
Ángel López scores
Batting: RHB Jesús Martínez 0-0: Ball
1-0: Foul Ball, location: 2F
1-1: Fly out, F7 (Flyball, 78S)
Batting: LHB Eugene Henson 0-0: Fielders Choice at 2nd, 4-6 (Groundball, 4)
Batting: LHB Tom Cotton 0-0: Ball
1-0: Ball
2-0: Ball
3-0: Called Strike
3-1: Foul Ball, location: 2F
3-2: SINGLE (Line Drive, 7S)
Eugene Henson to second
Eugene Henson to third
Batting: RHB Hieu De 0-0: Called Strike
0-1: SINGLE (Groundball, 4MD)
Eugene Henson scores
Tom Cotton to second
Runner from 2nd tries for 3rd, OUT!
Top of the 1st over - 2 run(s), 4 hit(s), 0 error(s), 1 left on base; Calgary 2 - Florida 0
BOTTOM OF THE 1ST
Florida Men batting - Pitching for Calgary Lynx : RHP António Rodríguez
Pitching: RHP António Rodríguez
Batting: LHB Jim Unknown 0-0: Called Strike
0-1: SINGLE (Groundball, 34D)
Batting: RHB Pat Ings 0-0: Ball
1-0: Called Strike
1-1: Called Strike
1-2: Strikes out looking
Batting: SHB Luis Gutiérrez 0-0: Called Strike
0-1: Ball
1-1: Ball
2-1: Called Strike
Jim Unknown steals 2nd base
2-2: Fly out, F7 (Flyball, 7)
Batting: LHB Bastyăo Lizardo 0-0: Ball
1-0: Called Strike
1-1: Foul Ball, location: 2F
1-2: Ball
2-2: Fly out, F8 (Flyball, 8LS)
Bottom of the 1st over - 0 run(s), 1 hit(s), 0 error(s), 1 left on base; Calgary 2 - Florida 0
TOP OF THE 2ND
Calgary Lynx batting - Pitching for Florida Men : RHP Jorge Silva
Batting: SHB Lowell Moon 0-0: Ball
1-0: Foul Ball, location: 2F
1-1: Bunt for hit - play at first, batter OUT! 2-3
Batting: RHB Ramón Cabral 0-0: Ball
1-0: Ball
2-0: Ball
3-0: Base on Balls
Batting: RHB Chris Woodruff 0-0: Called Strike
0-1: Foul Ball, location: 2F
0-2: Strikes out swinging
Batting: LHB Ángel López 0-0: Called Strike
0-1: Ball
1-1: Fly out, F8 (Flyball, 8RM)
Top of the 2nd over - 0 run(s), 0 hit(s), 0 error(s), 1 left on base; Calgary 2 - Florida 0
BOTTOM OF THE 2ND
Florida Men batting - Pitching for Calgary Lynx : RHP António Rodríguez
Batting: RHB Gilberto Patino 0-0: Called Strike
0-1: Called Strike
0-2: Ball
1-2: Ball
2-2: Ball
3-2: Ground out 4-3 (Groundball, 4)
Batting: RHB Lorenzo Díaz 0-0: Foul Ball, location: 2F
0-1: SINGLE (Groundball, 34D)
Batting: RHB Jim Unknown 0-0: Grounds into double play, 5-4-3 (Groundball, 56)
Bottom of the 2nd over - 0 run(s), 1 hit(s), 0 error(s), 0 left on base; Calgary 2 - Florida 0
TOP OF THE 3RD
Calgary Lynx batting - Pitching for Florida Men : RHP Jorge Silva
Batting: LHB Miguel Zúńiga 0-0: Called Strike
0-1: Fly out, F7 (Flyball, 7)
Batting: RHB Jesús Martínez 0-0: Ball
1-0: Fly out, F8 (Flyball, 8RD)
Batting: LHB Eugene Henson 0-0: Ball
1-0: Ball
2-0: Called Strike
2-1: Foul Ball, location: 2F
2-2: Strikes out swinging
Top of the 3rd over - 0 run(s), 0 hit(s), 0 error(s), 0 left on base; Calgary 2 - Florida 0
BOTTOM OF THE 3RD
Florida Men batting - Pitching for Calgary Lynx : RHP António Rodríguez
Batting: RHB Jim Unknown 0-0: Called Strike
0-1: Fly out, F8 (Line Drive, 8LD)
Batting: RHB Al Thomas 0-0: Ball
1-0: Reached on error, E6 (Groundball, 6)
Batting: LHB Jim Unknown 0-0: Ball
1-0: Ball
2-0: Foul Ball, location: 2F
2-1: TRIPLE (Flyball, 8RM)
Al Thomas scores
Batting: RHB Pat Ings 0-0: Called Strike
0-1: Foul Ball, location: 2F
0-2: Ball
1-2: Strikes out swinging
Batting: SHB Luis Gutiérrez 0-0: Called Strike
0-1: Ball
1-1: Ball
2-1: SINGLE (Groundball, 2L) (infield hit)
Jim Unknown scores
Batting: LHB Bastyăo Lizardo 0-0: Ball
1-0: Fly out, F9 (Flyball, 89D)
Bottom of the 3rd over - 2 run(s), 2 hit(s), 1 error(s), 1 left on base; Calgary 2 - Florida 2
TOP OF THE 4TH
Calgary Lynx batting - Pitching for Florida Men : RHP Jorge Silva
Batting: LHB Tom Cotton 0-0: Foul Ball, location: 2F
0-1: Called Strike
0-2: Foul Ball, location: 2F
0-2: SINGLE (Flyball, 7S)
Batting: RHB Hieu De 0-0: Called Strike
0-1: Foul Ball, location: 2F
0-2: Ball
1-2: Fielders Choice at 2nd, 5-4 (Groundball, 56)
Batting: SHB Lowell Moon 0-0: Ball
1-0: Called Strike
1-1: Fly out, F7 (Flyball, 7LS)
Batting: RHB Ramón Cabral 0-0: Ball
1-0: Swinging Strike
1-1: Called Strike
1-2: Fly out, F6 (Popup, 6D)
Top of the 4th over - 0 run(s), 1 hit(s), 0 error(s), 1 left on base; Calgary 2 - Florida 2
BOTTOM OF THE 4TH
Florida Men batting - Pitching for Calgary Lynx : RHP António Rodríguez
Batting: RHB Gilberto Patino 0-0: Foul Ball, location: 2F
0-1: Ground out 6-3 (Groundball, 6)
Batting: RHB Lorenzo Díaz 0-0: Ground out 4-3 (Groundball, 4M)
Batting: RHB Jim Unknown 0-0: Ball
1-0: Ground out 1-3 (Groundball, 15S)
Bottom of the 4th over - 0 run(s), 0 hit(s), 0 error(s), 0 left on base; Calgary 2 - Florida 2
TOP OF THE 5TH
Calgary Lynx batting - Pitching for Florida Men : RHP Jorge Silva
Batting: RHB Chris Woodruff 0-0: Ball
1-0: Ball
2-0: Ball
3-0: Base on Balls
Batting: LHB Ángel López 0-0: Ball
1-0: Swinging Strike
1-1: Fly out, F7 (Flyball, 7LM)
Batting: LHB Miguel Zúńiga 0-0: Fly out, F7 (Flyball, 7)
Batting: RHB Jesús Martínez 0-0: Ball
1-0: Ball
2-0: Ball
3-0: Base on Balls
Chris Woodruff to second
Batting: LHB Eugene Henson 0-0: Swinging Strike
0-1: Called Strike
0-2: Ball
1-2: SINGLE (Line Drive, 5D)
Chris Woodruff to third
Jesús Martínez to second
Runner from 3rd tries for Home, SAFE, no throw
Batting: LHB Tom Cotton 0-0: Ball
1-0: Foul Ball, location: 2F
1-1: Ball
2-1: Swinging Strike
2-2: Reached on error, E4 (Groundball, 4)
Jesús Martínez to third
Eugene Henson to second
Batting: RHB Hieu De 0-0: Called Strike
0-1: Fly out, F8 (Flyball, 8RM)
Top of the 5th over - 1 run(s), 1 hit(s), 1 error(s), 3 left on base; Calgary 3 - Florida 2
BOTTOM OF THE 5TH
Florida Men batting - Pitching for Calgary Lynx : RHP António Rodríguez
Batting: RHB Jim Unknown 0-0: SINGLE (Groundball, 5D)
Batting: RHB Al Thomas 0-0: Called Strike
0-1: Sac Bunt - play at second, runner OUT -> throw to first, DP!
Batting: LHB Jim Unknown 0-0: Ball
1-0: Ball
2-0: SINGLE (Groundball, 4MD)
Batting: RHB Pat Ings 0-0: Called Strike
0-1: Fielders Choice at 2nd, 5-4 (Groundball, 5)
Bottom of the 5th over - 0 run(s), 2 hit(s), 0 error(s), 0 left on base; Calgary 3 - Florida 2
TOP OF THE 6TH
Calgary Lynx batting - Pitching for Florida Men : RHP Jorge Silva
Batting: SHB Lowell Moon 0-0: Called Strike
0-1: Ball
1-1: Ball
2-1: Foul Ball, location: 2F
2-2: Foul Ball, location: 2F
2-2: Foul Ball, location: 2F
2-2: Reached on error, E3 (Groundball, 34)
Batting: RHB Ramón Cabral 0-0: Sac Bunt - play at first, batter OUT! 1-3
Lowell Moon to second
Batting: RHB Chris Woodruff 0-0: Called Strike
0-1: Ground out 5-3 (Groundball, 56S)
Lowell Moon to third
Batting: LHB Ángel López 0-0: Ball
1-0: Ball
2-0: Ball
3-0: Base on Balls
Batting: LHB Miguel Zúńiga 0-0: Ball
1-0: Ball
Ángel López is caught stealing 2nd base
Top of the 6th over - 0 run(s), 0 hit(s), 1 error(s), 0 left on base; Calgary 3 - Florida 2
BOTTOM OF THE 6TH
Florida Men batting - Pitching for Calgary Lynx : RHP António Rodríguez
Batting: SHB Luis Gutiérrez 0-0: Ball
1-0: Called Strike
1-1: Ball
2-1: Ball
3-1: Ground out 4-3 (Groundball, 4)
Batting: LHB Bastyăo Lizardo 0-0: Called Strike
0-1: Ball
1-1: Called Strike
1-2: Ball
2-2: Foul Ball, location: 2F
2-2: Ball
3-2: Fly out, F8 (Flyball, 8LD)
Batting: RHB Gilberto Patino 0-0: Foul Ball, location: 2F
0-1: Called Strike
0-2: Strikes out swinging
Bottom of the 6th over - 0 run(s), 0 hit(s), 0 error(s), 0 left on base; Calgary 3 - Florida 2
TOP OF THE 7TH
Calgary Lynx batting - Pitching for Florida Men : RHP Jorge Silva
Batting: LHB Miguel Zúńiga 0-0: Ball
1-0: Ball
2-0: Swinging Strike
2-1: Ball
3-1: Base on Balls
Batting: RHB Jesús Martínez 0-0: Ball
1-0: Ball
2-0: Foul Ball, location: 2F
2-1: Swinging Strike
2-2: SINGLE (Line Drive, 8RS)
Miguel Zúńiga to second
Pinch Hitting: RHB Travis Newsome 0-0: Ball
1-0: Ball
2-0: Called Strike
2-1: Ball
3-1: Base on Balls
Miguel Zúńiga to third
Jesús Martínez to second
Batting: LHB Tom Cotton 0-0: Ball
1-0: Foul Ball, location: 2F
1-1: DOUBLE (Line Drive, 89XD)
Miguel Zúńiga scores
Jesús Martínez scores
Travis Newsome to third
Runner from 3rd tries for Home, SAFE, no throw
Batting: RHB Hieu De 0-0: Intentional Walk
Pitching: LHP José Ybarra
Batting: SHB Lowell Moon 0-0: Bunted foul
0-1: Ball
1-1: Sac Bunt - play at first, batter OUT! 2-4
Tom Cotton to third
Hieu De to second
Batting: RHB Ramón Cabral 0-0: Intentional Walk
Batting: RHB Chris Woodruff 0-0: Called Strike
0-1: SINGLE (Line Drive, 8RS)
Tom Cotton scores
Hieu De to third
Ramón Cabral to second
Runner from 3rd tries for Home, SAFE, throw made at trailing runner, OUT at third!
Batting: LHB Ángel López 0-0: Called Strike
0-1: Foul Ball, location: 2F
0-2: Ball
1-2: Foul Ball, location: 2F
1-2: Strikes out swinging
Top of the 7th over - 5 run(s), 3 hit(s), 0 error(s), 1 left on base; Calgary 8 - Florida 2
BOTTOM OF THE 7TH
Florida Men batting - Pitching for Calgary Lynx : RHP António Rodríguez
Now in LF: John Huff
Batting: RHB Lorenzo Díaz 0-0: SINGLE (Groundball, 34D)
Batting: RHB Jim Unknown 0-0: Ball
1-0: Ball
2-0: Called Strike
2-1: Fly out, F8 (Flyball, 8RM)
Batting: RHB Jim Unknown 0-0: Called Strike
0-1: Ball
1-1: Ball
2-1: Ball
Wild Pitch!
Lorenzo Díaz to second
3-1: Foul Ball, location: 2F
3-2: Base on Balls
Batting: RHB Al Thomas 0-0: Called Strike
0-1: Ball
1-1: Foul Ball, location: 2F
1-2: Ball
2-2: Grounds into double play, 5-4-3 (Groundball, 56)
Bottom of the 7th over - 0 run(s), 1 hit(s), 0 error(s), 1 left on base; Calgary 8 - Florida 2
TOP OF THE 8TH
Calgary Lynx batting - Pitching for Florida Men : LHP José Ybarra
Batting: LHB Miguel Zúńiga 0-0: Ball
1-0: Foul Ball, location: 2F
1-1: Ball
2-1: Ball
3-1: Foul Ball, location: 2F
3-2: Base on Balls
Batting: RHB Jesús Martínez 0-0: Swinging Strike
0-1: Ball
1-1: SINGLE (Line Drive, 78S)
Miguel Zúńiga to second
Batting: RHB John Huff 0-0: Ball
1-0: Ball
2-0: Foul Ball, location: 2F
2-1: Ball
3-1: Called Strike
3-2: Fly out, F4 (Line Drive, 4M)
Batting: LHB Tom Cotton 0-0: Foul Ball, location: 2F
0-1: Fly out, F4 (Line Drive, 4)
Batting: RHB Hieu De 0-0: Called Strike
0-1: Foul Ball, location: 2F
0-2: Ball
1-2: Foul Ball, location: 2F
1-2: Fly out, F3 (Popup, 34)
Top of the 8th over - 0 run(s), 1 hit(s), 0 error(s), 2 left on base; Calgary 8 - Florida 2
BOTTOM OF THE 8TH
Florida Men batting - Pitching for Calgary Lynx : RHP António Rodríguez
Batting: LHB Jim Unknown 0-0: Called Strike
0-1: Ball
1-1: Ball
2-1: Fly out, F9 (Line Drive, 9)
Batting: RHB Pat Ings 0-0: Ball
1-0: Called Strike
1-1: Swinging Strike
1-2: Ball
2-2: Ball
3-2: Base on Balls
Batting: SHB Luis Gutiérrez 0-0: Called Strike
0-1: Ball
1-1: Ball
2-1: SINGLE (Groundball, 34) (infield hit)
Pat Ings to second
Batting: LHB Bastyăo Lizardo 0-0: Called Strike
0-1: Foul Ball, location: 2F
0-2: Foul Ball, location: 2F
0-2: Foul Ball, location: 2F
0-2: Ball
1-2: Ball
2-2: Strikes out swinging
Batting: RHB Gilberto Patino 0-0: Foul Ball, location: 2F
0-1: Called Strike
0-2: Ball
1-2: Ball
2-2: Foul Ball, location: 2F
2-2: Foul Ball, location: 2F
2-2: Foul Ball, location: 2F
2-2: DOUBLE (Line Drive, 7D)
Pat Ings scores
Luis Gutiérrez to third
Runner from 3rd tries for Home, SAFE, no throw
Pitching: RHP Bill Ball
Batting: RHB Lorenzo Díaz 0-0: SINGLE (Groundball, 34D)
Gilberto Patino to third
Runner from 3rd tries for Home, throw and OUT!
Bottom of the 8th over - 2 run(s), 3 hit(s), 0 error(s), 1 left on base; Calgary 8 - Florida 4
TOP OF THE 9TH
Calgary Lynx batting - Pitching for Florida Men : LHP José Ybarra
Batting: SHB Lowell Moon 0-0: Called Strike
0-1: Ball
1-1: SINGLE (Flyball, 78S)
Batting: RHB Ramón Cabral 0-0: Ball
1-0: Ball
2-0: Sac Bunt - play at first, batter OUT! 1-4
Lowell Moon to second
Batting: RHB Chris Woodruff 0-0: Intentional Walk
Batting: LHB Ángel López 0-0: Ball
1-0: Ball
2-0: Fly out, F8 (Flyball, 8RS)
Batting: LHB Miguel Zúńiga 0-0: Ground out 4-3 (Groundball, 4M)
Top of the 9th over - 0 run(s), 1 hit(s), 0 error(s), 2 left on base; Calgary 8 - Florida 4
BOTTOM OF THE 9TH
Florida Men batting - Pitching for Calgary Lynx : RHP Bill Ball
Batting: RHB Jim Unknown 0-0: Ball
1-0: Fly out, F9 (Flyball, 89S)
Batting: RHB Jim Unknown 0-0: Ground out 1-3 (Groundball, 13)
Batting: RHB Al Thomas 0-0: Called Strike
0-1: Foul Ball, location: 2F
0-2: Strikes out looking
Bottom of the 9th over - 0 run(s), 0 hit(s), 0 error(s), 0 left on base; Calgary 8 - Florida 4
Friday, December 30th, 2016 - OOTP Baseball 17.12 Build 75